 Dungeon Crawl Stone Soup version 0.29.1-4-g47bece8355 (webtiles) character file.

Game seed: 9469926779610489264

139 safid the Shooter (level 5, -1/70 HPs)
             Began as a Minotaur Hunter on Dec 5, 2022.
             Slain by Pikel
             ... wielding a +2 whip of flaming
              (3 damage)
             ... on level 4 of the Dungeon.
             The game lasted 00:04:01 (1939 turns).

safid the Shooter (Minotaur Hunter)                 Turns: 1939, Time: 00:04:02

Health: -1/70      AC: 22    Str: 16    XL:     5   Next: 1%
Magic:  4/4        EV:  2    Int:  6    God:
Gold:   119        SH:  0    Dex: 15    Spells: 4/4 levels left

rFire   . . .      SeeInvis .   a - +0 shortbow
rCold   . . .      Faith    .   (shield currently unavailable)
rNeg    . . .      Spirit   .   (body armour currently unavailable)
rPois   +          Reflect  .   (helmet currently unavailable)
rElec   .          Harm     .   (cloak currently unavailable)
rCorr   .          Rampage  .   (gloves currently unavailable)
Will    .....      NoTele   +   (boots currently unavailable)
Stlth   ++........              m - amulet of regeneration
HPRegen 1.01/turn               (no ring)
MPRegen 0.09/turn               (no ring)

@: tree-form, hasted, very quick
A: stationary, stasis, torment immunity, boosted hp, (horns 2), (retaliatory
headbutt)
a: no special abilities


You were on level 4 of the Dungeon.
You were a tree.
You visited 1 branch of the dungeon, and saw 4 of its levels.

You collected 119 gold pieces.

Inventory:

Hand Weapons
 a - a +0 shortbow (weapon)
Armour
 c - a +0 leather armour (melded)
Jewellery
 h - a +6 ring of strength
 m - an amulet of regeneration (around neck)
 n - an amulet of reflection
Scrolls
 b - 2 scrolls of immolation
 e - 3 scrolls of blinking {unknown}
 g - a scroll of teleportation {unknown}
 i - a scroll of vulnerability {unknown}
 k - a scroll of enchant armour {unknown}
 l - 5 scrolls of identify {unknown}
 p - a scroll of fog {unknown}
 q - a scroll of noise {unknown}
 r - a scroll of torment {unknown}
Potions
 d - a potion of ambrosia {unknown}
 f - a potion of heal wounds {unknown}
 j - a potion of brilliance {unknown}


   Skills:
 + Level 4.7 Fighting
 + Level 5.8 Ranged Weapons
 - Level 2.1 Dodging
 - Level 0.7 Stealth


You had 4 spell levels left.
You didn't know any spells.
Your spell library contained the following spells:

 Spells                   Type           Power      Damage    Failure   Level
 Cause Fear               Hex            0%         N/A       99%         4
 Dragon Form              Tmut           0%         N/A       100%        7
 Dragon's Call            Summ           0%         N/A       100%        9


Dungeon Overview and Level Annotations

Branches:
Dungeon (4/15)
 Temple: D:4-7

Altars:
Dithmenos
Fedhas
Hepliaklqana
Wu Jian
Zin

Annotations:
D:4 Pikel


Innate Abilities, Weirdness & Mutations

You are a tree.
Your roots penetrate the ground, keeping you stationary.
You cannot be teleported.
You are immune to unholy pain and torment.
Your maximum health is greatly increased.
Your equipment is partially melded.
((You have a pair of horns on your head.))
((You reflexively headbutt those who attack you in melee.))


Message History

Fire: a) +0 shortbow
Press: ? - help, Q - select action Shift-Dir - straight line, f/p - Pikel
Aim: Pikel, wielding a +2 whip of flaming and wearing a +2 robe of resistance (56% to hit)
You shoot an arrow.
The arrow hits Pikel but does no damage.
The gnoll hits you but does no damage. Pikel hits you but does no damage.
Fire: a) +0 shortbow
Press: ? - help, Q - select action Shift-Dir - straight line, f/p - Pikel
Aim: Pikel, wielding a +2 whip of flaming and wearing a +2 robe of resistance (56% to hit)
You shoot an arrow. The arrow closely misses Pikel.
The arrow closely misses the lemure.
The gnoll barely misses you.
Pikel hits you with a +2 whip of flaming.
* * * LOW HITPOINT WARNING * * *
Pikel burns you.
* * * LOW HITPOINT WARNING * * *
Unknown command.
Fire: a) +0 shortbow
Press: ? - help, Q - select action Shift-Dir - straight line, f/p - Pikel
Aim: Pikel, wielding a +2 whip of flaming and wearing a +2 robe of resistance (56% to hit)
You shoot an arrow.
The arrow hits Pikel but does no damage.
Fire: a) +0 shortbow
Press: ? - help, Q - select action Shift-Dir - straight line, f/p - Pikel
Aim: Pikel, wielding a +2 whip of flaming and wearing a +2 robe of resistance (56% to hit)
You shoot an arrow. The arrow hits Pikel.
Pikel is lightly wounded.
The gnoll hits you from afar with a +0 halberd.
* * * LOW HITPOINT WARNING * * *
Pikel hits you but does no damage.
Fire: a) +0 shortbow
Press: ? - help, Q - select action Shift-Dir - straight line, f/p - Pikel
Aim: Pikel, wielding a +2 whip of flaming and wearing a +2 robe of resistance (lightly wounded, 56% to hit)
You shoot an arrow.
The arrow hits Pikel but does no damage.
Pikel is lightly wounded.
The gnoll hits you from afar with a +0 halberd.
* * * LOW HITPOINT WARNING * * *
Pikel hits you with a +2 whip of flaming.
You die...

##.##.##....#
#)#.###.#...
##.##.##.##.# #.#.K......
##.......##.###.#..##.#.#
#####.......[....5......#
# #############).##.### #
#.<##.#### . . #.........
. #...#####5##.####
#.ggg.♣K5# # #.########


You could see Pikel, 2 lemures, 2 gnolls and a goblin.

Vanquished Creatures
  A lemure (D:3)
  An orc wizard (D:3)
  2 adders (D:3)
  A worm (D:2)
  2 dart slugs
  5 orcs
  7 endoplasms
  6 giant cockroaches
  6 goblins
  13 hobgoblins
  7 jackals
  2 quokkas (D:1)
  5 ball pythons
  7 bats
  3 frilled lizards
  7 kobolds
  A rat (D:3)
76 creatures vanquished.

Notes
Turn   | Place    | Note
-------+----------+-------------------------------------------
     0 | D:1      | safid the Minotaur Hunter began the quest for the Orb.
     0 | D:1      | Reached XP level 1. HP: 18/18 MP: 0/0
   251 | D:1      | Reached XP level 2. HP: 26/26 MP: 1/1
   930 | D:2      | Reached skill level 5 in Ranged Weapons
   948 | D:2      | Reached XP level 3. HP: 31/31 MP: 2/2
  1435 | D:3      | Reached XP level 4. HP: 40/40 MP: 3/3
  1563 | D:3      | Found a hazy altar of Hepliaklqana.
  1563 | D:3      | Found a glowing silver altar of Zin.
  1572 | D:3      | Found a shadowy altar of Dithmenos.
  1574 | D:3      | Found a blossoming altar of Fedhas.
  1576 | D:3      | Found an ornate altar of the Wu Jian Council.
  1862 | D:4      | Noticed Pikel
  1862 | D:4      | Noticed a lemure
  1863 | D:4      | Noticed a lemure
  1863 | D:4      | Noticed a lemure
  1863 | D:4      | Noticed a lemure
  1865 | D:4      | Noticed a scorpion
  1885 | D:3      | Killed a lemure
  1918 | D:4      | Reached XP level 5. HP: 47/47 MP: 4/4
  1939 | D:4      | HP: 2/70 [gnoll/+0 halberd (4)]
  1939 | D:4      | Slain by Pikel

Illustrated notes

Levels and vault maps discovered:
D:1:      tarquinn_simple_flora_water_f, layout_basic
D:2:      layout_rooms
D:3:      layout_rooms, chequers_temple_overflow_minitemple, chequers_jeans
D:4:      layout_loops_ring, nicolae_ossuary_entry_ruins, uniq_grinder,
          uniq_duvessa, uniq_pikel, uniq_eustachio, uniq_menkaure

Skill      XL: |  1  2  3 |
---------------+----------+-----
Fighting       | 3 4 |  4.7
Ranged Weapons | 5 |  5.8
Dodging        | |  2.1
Stealth        | |  0.7

Action                   |  1- 3 |  4- 6 || total
-------------------------+-------+-------++-------
 Fire: Shortbow          |   119 |    98 ||   217
  Use: Potion            |       |     2 ||     2
Armor: Leather armour    |     8 |    14 ||    22
       Skin              |       |     7 ||     7
Dodge: Dodged            |    25 |    37 ||    62
